 Dungeon Crawl Stone Soup version 0.18.1-50-g88ac8fd (webtiles) character file.

1041 negitausen the Slasher (level 8, -13/71 HPs)
             Began as a Minotaur Berserker on Oct 9, 2016.
             Was an Elder of Trog.
             Mangled by an orc warrior
             ... wielding a +0 scimitar
              (21 damage)
             ... on level 6 of the Dungeon.
             The game lasted 00:25:16 (3797 turns).

negitausen the Slasher (Minotaur Berserker)         Turns: 3797, Time: 00:25:16

Health: -13/71     AC:  7    Str: 23    XL:     8   Next: 4%
Magic:  0/16       EV: 12    Int:  9    God:    Trog [****..]
Gold:   242        SH:  0    Dex: 11    Spells: 0 memorised, 7 levels left

rFire  . . .     SeeInvis .     a - +0 falchion
rCold  . . .     Gourm    .     k - +1 scale mail
rNeg   . . .     Faith    .     (no shield)
rPois  .         Spirit   +     (helmet restricted)
rElec  .         Dismiss  .     (no cloak)
rCorr  .         Reflect  .     (no gloves)
SustAt .         Harm     .     B - -2 pair of boots (curse)
MR     .....                    x - amulet of guardian spirit
Stlth  ..........               s - ring of magical power
                                j - +5 ring of intelligence

@: not resistant to hostile enchantments, extremely unstealthy
A: retaliatory headbutt, horns 2
a: Berserk, Trog's Hand, Brothers in Arms, Burn Spellbooks, Renounce Religion


You were on level 6 of the Dungeon.
You worshipped Trog.
Trog was greatly pleased with you.
You were not hungry.

You visited 1 branch of the dungeon, and saw 6 of its levels.

You collected 242 gold pieces.

Inventory:

Hand Weapons
 a - a +0 falchion (weapon)
 m - a +0 shortbow
 r - a +0 arbalest
Missiles
 o - 6 tomahawks
 q - 87 arrows (quivered)
Armour
 b - a +0 animal skin
 e - a +0 ring mail
 k - a +1 scale mail (worn)
 p - a +0 buckler
 z - the +1 robe "Boxid" {rF+ Dex+4, unknown}
   (You found it on level 5 of the Dungeon)

   It affects your dexterity (+4).
   It protects you from fire.
 B - a cursed -2 pair of boots (worn)
Jewellery
 j - a +5 ring of intelligence (left hand)
 s - a ring of magical power (right hand)
 x - an amulet of guardian spirit (around neck)
Wands
 y - a wand of acid (9/15)
Scrolls
 g - a scroll of remove curse
 i - 4 scrolls of immolation
 t - a scroll of enchant armour
 w - 2 scrolls of blinking
 A - 4 scrolls of identify
 C - a scroll of teleportation
Potions
 h - 3 potions of heal wounds
 v - a potion of haste
Comestibles
 c - 3 bread rations
 d - 3 slices of pizza
 f - 8 fruits
 l - a meat ration
 n - a royal jelly
 u - 2 beef jerkies
 D - a chunk of flesh


   Skills:
 + Level 6.4 Fighting
 + Level 6.4 Long Blades
 + Level 1.0 Throwing
 + Level 6.0 Armour
 + Level 5.4 Dodging
 + Level 0.5 Stealth
 + Level 1.3 Shields


You had 7 spell levels left.
You didn't know any spells.

Dungeon Overview and Level Annotations

Branches:
Dungeon (6/15)
 Temple: D:4-7

Altars:
Ashenzari
Cheibriados
Trog


Innate Abilities, Weirdness & Mutations

You reflexively headbutt those who attack you in melee.
You have a pair of horns on your head.


Message History

Beogh smites you!
* * * LOW HITPOINT WARNING * * *
You hit the orc. Your headbutt misses the orc.
The orc is lightly wounded.
The orc warrior completely misses you. The orc hits you but does no damage.
You barely miss the orc. You headbutt the orc, but do no damage.
The orc is lightly wounded.
The orc barely misses you. You furiously retaliate!
You headbutt the orc!
You kill the orc!
Trog accepts your kill.
You can now call in reinforcements.
The orc warrior barely misses you.
You slash the orc priest! You headbutt the orc priest.
You kill the orc priest!
Trog accepts your kill.
The orc warrior hits you with a scimitar!
* * * LOW HITPOINT WARNING * * *
You hit the orc warrior.
The orc warrior is lightly wounded.
The orc warrior hits you with a scimitar!!
You die...

..#....#........#
................#
##...###.....##.....
#....##.....# ##.
##..#........# ##
...#####.#.##.... .#
.....###.#....### .#### #
.#.#...>.###....##....#..
.#..####...#....@).......
.##.# #.#...#.##o.......
.##.# #.#...#..#.......(
.##.# #.##..##.#........
.##.# ##.#...##..#.......
.##.# #........#.##...#..
....###....###...# #### #
.#...##...## ##..###
#.........# #.....#


You could see an orc warrior.

Vanquished Creatures
  An ice beast (D:5)
  An ogre (D:5)
  A centaur (D:4)
  A gnoll sergeant (D:5)
  4 crimson imps
  A hound (D:6)
  2 orc priests
  A giant frog skeleton (D:4)
  An iguana (D:5)
  2 orc wizards
  6 worker ants
  2 worker ant zombies (D:5)
  6 gnolls
  4 adders
  2 oozes
  An adder skeleton (D:5)
  4 worms
  5 dart slugs
  2 giant geckos (D:4)
  21 orcs
  8 bats
  4 giant cockroaches
  4 goblins
  5 hobgoblins
  4 jackals
  2 quokkas
  2 ball pythons
  4 giant newts
  4 kobolds
  A quokka zombie (D:6)
  6 rats
112 creatures vanquished.

Notes
Turn   | Place    | Note
--------------------------------------------------------------
     0 | D:1      | negitausen the Minotaur Berserker began the quest for the Orb.
     0 | D:1      | Reached XP level 1. HP: 19/19 MP: 0/0
    36 | D:1      | Reached XP level 2. HP: 27/27 MP: 1/1
   759 | D:2      | Reached XP level 3. HP: 29/33 MP: 2/2
   859 | D:2      | Reached ** piety under Trog
  1206 | D:3      | Reached XP level 4. HP: 36/41 MP: 3/3
  1233 | D:3      | Found a snail-covered altar of Cheibriados.
  1236 | D:3      | Found a shattered altar of Ashenzari.
  1268 | D:3      | You fall through a shaft!
  1616 | D:4      | Noticed a centaur
  1625 | D:4      | Killed a centaur
  1625 | D:4      | Reached skill level 5 in Fighting
  1625 | D:4      | Reached skill level 5 in Long Blades
  1625 | D:4      | Reached XP level 5. HP: 17/48 MP: 4/4
  1926 | D:3      | Found a bloodstained altar of Trog.
  2061 | D:3      | Reached *** piety under Trog
  2376 | D:4      | Reached XP level 6. HP: 56/56 MP: 1/5
  2751 | D:5      | Entered Level 5 of the Dungeon
  2880 | D:5      | Reached skill level 1 in Shields
  2919 | D:5      | Reached XP level 7. HP: 39/61 MP: 6/6
  3082 | D:5      | Got a fine robe
  3207 | D:5      | Reached skill level 5 in Armour
  3427 | D:5      | Reached skill level 1 in Throwing
  3454 | D:5      | Reached skill level 5 in Dodging
  3732 | D:6      | Reached XP level 8. HP: 44/70 MP: 7/7
  3795 | D:6      | Reached **** piety under Trog
  3797 | D:6      | Mangled by an orc warrior

Skill      XL: |  1  2  3  4  5  6  7  8 |
---------------+-------------------------+-----
Long Blades    | 4 5 6 |  6.4
Fighting       | 4 5 6 |  6.4
Dodging        | 3 4 5 |  5.4
Armour         | 3 4 5 6 |  6.0
Shields        | 1 |  1.3
Throwing       | 1 |  1.0
Stealth        | |  0.5

Action                   |  1- 3 |  4- 6 |  7- 9 || total
-------------------------+-------+-------+-------++-------
Melee: Falchion          |    77 |   114 |    95 ||   286
       Headbutt          |     9 |    27 |    21 ||    57
       Arbalest          |       |     1 |       ||     1
Throw: Tomahawk          |       |     3 |       ||     3
Invok: Trog's Hand       |       |       |     1 ||     1
  Use: Scroll            |     6 |     4 |     3 ||    13
       Potion            |     5 |     1 |     2 ||     8
 Stab: Invisible         |     1 |       |       ||     1
  Eat: Chunk             |     1 |     4 |     2 ||     7
       Bread ration      |       |       |     1 ||     1
Armor: Animal skin       |     5 |       |       ||     5
       Ring mail         |    13 |       |       ||    13
       Scale mail        |    10 |    65 |    36 ||   111
Dodge: Dodged            |    42 |    83 |    69 ||   194
Block: Buckler           |       |     4 |       ||     4
